Predators vs Canadiens
Created - October 27, 2017 at 22:39
Goals
|
Predators |
1 |
0 |
0 |
1 |
Canadiens |
1 |
1 |
1 |
3 |
|
Shots
|
Predators |
7 |
11 |
7 |
25 |
Canadiens |
12 |
11 |
12 |
35 |
|
1st period
1. Canadiens , Brett Maclean 2 (Maxim Kondratiev 1, Andrew Ebbett 1) at 9:21
2. Predators , Alexander Ovechkin 5 (Niclas Bergfors 6, Mikael Granlund 5) at 11:32 (PP)
Penalties :
Alexander Ovechkin (Nas) for Hooking (Minor) at 3:21, Maxim Kondratiev (Mon) for Hooking (Minor) at 5:32, Evgeny Dadonov (Mon) for Tripping (Minor) at 11:27, Andrej Meszaros (Nas) for Roughing (Minor) at 13:38
2nd period
3. Canadiens , Joe Pavelski 3 (Sidney Crosby 4, Patrick Sharp 6) at 19:15 (PP)
Penalties :
Vitaly Vishnevsky (Mon) for Hooking (Minor) at 1:16, David Jones (Mon) for Hooking (Minor) at 5:26, Alexander Ovechkin (Nas) for Tripping (Minor) at 11:20, Alexander Steen (Nas) for Hooking (Minor) at 18:24
3rd period
4. Canadiens , Joe Pavelski 4 (Jason Spezza 6, Patrick Sharp 7) at 19:26 (Empty Net)
Penalties :
Brett Clark (Nas) for Holding (Minor) at 1:38, Dennis Wideman (Mon) for High sticking (Minor) at 4:42, Niclas Bergfors (Nas) for Holding (Minor) at 8:03, Adam Burish (Nas) for Holding (Minor) at 19:29
Goalie Stats
Viktor Fasth (Nas), 32 saves from 34 shots - (0.941), L, 5-2-0, 58:48 minutes
Jonathan Bernier (Mon), 24 saves from 25 shots - (0.960), W, 6-0-1, 60:00 minutes
Players Stats for Predators
Player Name G A P +/- PIM S H SB GA TA FO MP PP MP PK MP
------------------------------------------------------------------------------------
Adam Burish 0 0 0 -1 2 2 1 0 1 1 0/0 18:16 0:01 3:06
Alexander Edler 0 0 0 -1 0 1 3 1 0 3 0/0 28:13 4:38 6:58
Alexander Ovechkin 1 0 1 -1 4 3 3 1 1 2 2/5 19:55 4:11 1:08
Alexander Steen 0 0 0 0 2 3 1 0 1 1 0/0 17:05 3:49 1:51
Andrej Meszaros 0 0 0 0 2 0 0 0 0 0 0/0 2:45 0:00 0:00
Andy Miele 0 0 0 0 0 0 1 0 0 0 5/10 12:34 0:00 3:12
Barret Jackman 0 0 0 0 0 0 0 0 0 0 0/0 9:05 0:00 0:39
Brett Clark 0 0 0 0 2 0 0 3 0 0 0/0 14:33 0:00 3:29
Byron Bitz 0 0 0 0 0 3 1 0 0 0 0/1 20:39 3:49 6:13
Dmitri Kalinin 0 0 0 -1 0 0 2 1 0 0 0/0 18:03 4:38 0:00
James Van Riemsdyk 0 0 0 0 0 1 1 0 0 0 1/3 10:24 0:01 0:00
John Moore 0 0 0 -1 0 2 0 1 0 0 0/0 21:28 3:23 4:33
Justin Abdelkader 0 0 0 -1 0 0 0 1 0 0 0/0 6:39 0:01 0:00
Kris Vernarsky 0 0 0 -1 0 0 0 0 0 0 3/4 5:48 0:00 0:00
Mikael Granlund 0 1 1 0 0 1 2 0 1 0 9/16 15:48 4:11 0:52
Niclas Bergfors 0 1 1 -1 2 4 0 0 2 0 2/2 17:51 4:11 0:00
Ryan Kesler 0 0 0 -1 0 1 1 0 2 0 18/33 23:09 3:49 6:10
Ryan Mcdonagh 0 0 0 -1 0 4 3 3 0 2 0/0 26:22 3:23 6:53
Players Stats for Canadiens
Player Name G A P +/- PIM S H SB GA TA FO MP PP MP PK MP
------------------------------------------------------------------------------------
Andrew Ebbett 0 1 1 1 0 3 0 0 0 0 3/9 10:11 0:00 2:41
Brett Maclean 1 0 1 1 0 6 1 0 0 0 0/0 7:24 0:04 0:00
David Jones 0 0 0 0 2 2 2 0 0 0 0/1 11:55 0:04 1:53
Dennis Wideman 0 0 0 0 2 2 1 0 3 2 0/0 25:21 7:27 0:43
Devin Setoguchi 0 0 0 0 0 1 3 0 0 0 0/0 15:01 5:11 0:00
Dustin Boyd 0 0 0 0 0 1 0 0 0 0 6/9 9:04 0:00 0:13
Evgeny Dadonov 0 0 0 0 2 0 1 1 2 0 2/3 13:52 0:04 0:00
Greg Stewart 0 0 0 0 0 2 2 0 1 0 1/1 17:55 5:11 4:13
Jason Spezza 0 1 1 1 0 4 1 0 0 0 9/19 19:49 5:11 4:13
Joe Pavelski 2 0 2 1 0 4 0 0 0 0 2/3 19:40 6:01 0:00
Kurt Sauer 0 0 0 1 0 1 0 1 0 1 0/0 17:37 0:00 4:37
Luke Schenn 0 0 0 1 0 1 0 0 1 0 0/0 26:33 3:49 3:17
Maxim Kondratiev 0 1 1 1 2 0 1 1 0 0 0/0 12:22 0:00 3:21
Patrick Sharp 0 2 2 1 0 2 2 1 0 0 0/0 18:08 6:01 1:14
Sidney Crosby 0 1 1 0 0 3 4 0 1 1 11/29 21:04 6:01 1:35
Steven Goertzen 0 0 0 1 0 1 0 0 0 0 0/0 6:51 0:00 0:00
Vitaly Vishnevsky 0 0 0 0 2 1 1 0 1 3 0/0 21:52 7:27 0:47
Wes O'Neill 0 0 0 1 0 1 0 1 0 1 0/0 17:15 3:49 3:17
3 Stars
1 - Joe Pavelski (Mon)
2 - Patrick Sharp (Mon)
3 - Jonathan Bernier (Mon)
Power Play
Predators - 1 on 5 Attempt(s) - 20.00%
Canadiens - 1 on 7 Attempt(s) - 14.29%
Penalty Kill
Predators - 6 on 7 Attempt(s) - 85.71%
- Score 0 goal in Penalty Kill
Canadiens - 4 on 5 Attempt(s) - 80.00%
- Score 0 goal in Penalty Kill
Team Stat
Predators - Hits : 19 - Faceoff Wins : 40 - Blocked Shots : 11 - Penalty Minutes : 14
Canadiens - Hits : 19 - Faceoff Wins : 34 - Blocked Shots : 5 - Penalty Minutes : 10
Official
Referees : McCreary Bill and Hebert Ghislain
Linesman : Lyle Seitz and Steve Miller
Game Notes
Joe Pavelski has scored in a empty net!
Finance
Level 1 -- Attendance: 5945 (99.08%) -- Ticket Income $523,160
Level 2 -- Attendance: 5000 (100.00%) -- Ticket Income $275,000
Level 3 -- Attendance: 1785 (89.25%) -- Ticket Income $64,260
Level 4 -- Attendance: 3580 (89.50%) -- Ticket Income $96,660
Luxury Box -- Attendance: 988 (98.80%) -- Ticket Income $153,140
Game was played at the Centre Bell.
Total Attendance: 17298 (96.10%)
Total Ticket Income: $1,112,220
Other Income: $166,833
Total Income: $1,279,053
Predators
5 vs 5 Forward
Center Left Wing Right Wing Time % Phy DF OF
1 Ryan Kesler Alexander Ovechkin Niclas Bergfors 40 1 2 2
2 Mikael Granlund Alexander Steen Byron Bitz 30 1 2 2
3 Andy Miele James Van Riemsdyk Adam Burish 20 1 2 2
4 Kris Vernarsky Justin Abdelkader Adam Burish 10 1 2 2
5 vs 5 Defense
Defense Defense Time % Phy DF OF
1 Ryan Mcdonagh Alexander Edler 40 1 2 2
2 John Moore Dmitri Kalinin 30 1 2 2
3 Brett Clark Barret Jackman 20 1 2 2
4 Brett Clark Andrej Meszaros 10 1 2 2
PowerPlay Forward
Center Left Wing Right Wing Time % Phy DF OF
1 Mikael Granlund Alexander Ovechkin Niclas Bergfors 60 1 0 4
2 Ryan Kesler Alexander Steen Byron Bitz 40 1 0 4
PowerPlay Defense
Defense Defense Time % Phy DF OF
1 Dmitri Kalinin Alexander Edler 60 1 1 3
2 Ryan Mcdonagh John Moore 40 1 1 3
Penalty Kill 4 Players Forward
Center Wing Time % Phy DF OF
1 Ryan Kesler Byron Bitz 60 1 2 2
2 Andy Miele Adam Burish 40 1 2 2
Penalty Kill 4 Players Defense
Defense Defense Time % Phy DF OF
1 Ryan Mcdonagh Alexander Edler 60 1 3 1
2 John Moore Brett Clark 40 1 3 1
Penalty Kill - 3 Players Forward
Forward Time % Phy DF OF
1 Byron Bitz 60 1 3 1
2 Adam Burish 40 1 3 1
Penalty Kill - 3 Players Defense
Defense Defense Time % Phy DF OF
1 Ryan Mcdonagh Alexander Edler 60 1 3 1
2 John Moore Brett Clark 40 1 3 1
4 vs 4 Forward
Center Wing Time % Phy DF OF
1 Mikael Granlund Alexander Ovechkin 60 1 1 3
2 Ryan Kesler Niclas Bergfors 40 1 2 2
4 vs 4 Defense
Defense Defense Time % Phy DF OF
1 Ryan Mcdonagh Alexander Edler 60 1 1 3
2 John Moore Dmitri Kalinin 40 1 2 2
Last Minutes Offensive
Center Left Wing Right Wing Defense Defense
Ryan Kesler Alexander Ovechkin Niclas Bergfors Ryan Mcdonagh Alexander Edler
Last Minutes Defensive
Center Left Wing Right Wing Defense Defense
Andy Miele Alexander Ovechkin Byron Bitz John Moore Ryan Mcdonagh
Goaltenders
Starting : Viktor Fasth
Backup : Chad Johnson
Extra Forwards
Normal : James Van Riemsdyk, Adam Burish, Justin Abdelkader - PP : James Van Riemsdyk, Justin Abdelkader - PK : Alexander Ovechkin
Extra Defensemen
Normal : Andrej Meszaros, Barret Jackman, Brett Clark - PP : Andrej Meszaros - PK : Barret Jackman, Brett Clark
Penalty Shots
Alexander Ovechkin, Niclas Bergfors, Ryan Kesler, Andy Miele, James Van Riemsdyk
Scratches
Richard Jackman (Healthy)
Canadiens
5 vs 5 Forward
Center Left Wing Right Wing Time % Phy DF OF
1 Sidney Crosby Evgeny Dadonov Joe Pavelski 40 1 2 2
2 Jason Spezza Patrick Sharp Devin Setoguchi 30 1 2 2
3 Dustin Boyd Greg Stewart David Jones 20 1 2 2
4 Andrew Ebbett Brett Maclean Steven Goertzen 10 1 2 2
5 vs 5 Defense
Defense Defense Time % Phy DF OF
1 Dennis Wideman Luke Schenn 40 1 2 2
2 Vitaly Vishnevsky Kurt Sauer 30 1 2 2
3 Wes O'Neill Maxim Kondratiev 20 1 2 2
4 Vitaly Vishnevsky Luke Schenn 10 1 2 2
PowerPlay Forward
Center Left Wing Right Wing Time % Phy DF OF
1 Sidney Crosby Patrick Sharp Joe Pavelski 60 1 2 2
2 Jason Spezza Greg Stewart Devin Setoguchi 40 1 2 2
PowerPlay Defense
Defense Defense Time % Phy DF OF
1 Dennis Wideman Vitaly Vishnevsky 60 1 2 2
2 Wes O'Neill Luke Schenn 40 1 2 2
Penalty Kill 4 Players Forward
Center Wing Time % Phy DF OF
1 Jason Spezza Greg Stewart 60 1 2 2
2 Andrew Ebbett David Jones 40 1 2 2
Penalty Kill 4 Players Defense
Defense Defense Time % Phy DF OF
1 Kurt Sauer Maxim Kondratiev 60 1 2 2
2 Wes O'Neill Luke Schenn 40 1 2 2
Penalty Kill - 3 Players Forward
Forward Time % Phy DF OF
1 Jason Spezza 60 1 2 2
2 Andrew Ebbett 40 1 2 2
Penalty Kill - 3 Players Defense
Defense Defense Time % Phy DF OF
1 Kurt Sauer Maxim Kondratiev 60 1 2 2
2 Wes O'Neill Luke Schenn 40 1 2 2
4 vs 4 Forward
Center Wing Time % Phy DF OF
1 Sidney Crosby Evgeny Dadonov 60 1 2 2
2 Jason Spezza Patrick Sharp 40 1 2 2
4 vs 4 Defense
Defense Defense Time % Phy DF OF
1 Vitaly Vishnevsky Luke Schenn 60 1 2 2
2 Wes O'Neill Kurt Sauer 40 1 2 2
Last Minutes Offensive
Center Left Wing Right Wing Defense Defense
Sidney Crosby Patrick Sharp Joe Pavelski Dennis Wideman Vitaly Vishnevsky
Last Minutes Defensive
Center Left Wing Right Wing Defense Defense
Jason Spezza Patrick Sharp Joe Pavelski Kurt Sauer Luke Schenn
Goaltenders
Starting : Jonathan Bernier
Backup : Mikael Tellqvist
Extra Forwards
Normal : Dustin Boyd, Greg Stewart, Evgeny Dadonov - PP : Evgeny Dadonov, Brett Maclean - PK : Sidney Crosby
Extra Defensemen
Normal : Maxim Kondratiev, Vitaly Vishnevsky, Wes O'Neill - PP : Kurt Sauer - PK : Dennis Wideman, Vitaly Vishnevsky
Penalty Shots
Sidney Crosby, Joe Pavelski, Patrick Sharp, Dustin Boyd, Andrew Ebbett
Scratches
None
% Time on Ice - Predators
Lines # - Real PCT - Wanted PCT - Time Play
Normal Forward
1 - 34% - 40% - 13:48
2 - 29% - 30% - 11:34
3 - 23% - 20% - 9:14
4 - 14% - 10% - 5:33
Normal Defense
1 - 41% - 40% - 16:23
2 - 33% - 30% - 13:12
3 - 21% - 20% - 8:26
4 - 5% - 10% - 2:08
PP Forward
1 - 52% - 60% - 4:12
2 - 48% - 40% - 3:49
PP Defense
1 - 58% - 60% - 4:38
2 - 42% - 40% - 3:23
PK Forward
1 - 72% - 60% - 8:04
2 - 28% - 40% - 3:12
PK Defense
1 - 60% - 60% - 6:43
2 - 40% - 40% - 4:33
PK3 Forward
1 - 0% - 60%
2 - 0% - 40%
PK3 Defense
1 - 0% - 60%
2 - 0% - 40%
44 Forward
1 - 0% - 60%
2 - 0% - 40%
44 Defense
1 - 0% - 60%
2 - 0% - 40%
Last Minute Offensive - 0:34
Last Minute Defensive - 0:00
Total
Forward - 60:00
Defense - 60:00
|
% Time on Ice - Canadiens
Lines # - Real PCT - Wanted PCT - Time Play
Normal Forward
1 - 35% - 40% - 13:57
2 - 26% - 30% - 10:29
3 - 22% - 20% - 8:51
4 - 17% - 10% - 6:51
Normal Defense
1 - 42% - 40% - 16:49
2 - 34% - 30% - 13:50
3 - 21% - 20% - 8:28
4 - 3% - 10% - 1:01
PP Forward
1 - 54% - 60% - 6:05
2 - 46% - 40% - 5:11
PP Defense
1 - 66% - 60% - 7:27
2 - 34% - 40% - 3:49
PK Forward
1 - 67% - 60% - 5:20
2 - 33% - 40% - 2:41
PK Defense
1 - 59% - 60% - 4:44
2 - 41% - 40% - 3:17
PK3 Forward
1 - 0% - 60%
2 - 0% - 40%
PK3 Defense
1 - 0% - 60%
2 - 0% - 40%
44 Forward
1 - 0% - 60%
2 - 0% - 40%
44 Defense
1 - 0% - 60%
2 - 0% - 40%
Last Minute Offensive - 0:00
Last Minute Defensive - 0:35
Total
Forward - 60:00
Defense - 60:00
|
Play by Play
1st period
0:01 of 1st period - Ryan Kesler wins face-off versus Sidney Crosby in neutral zone.
0:12 of 1st period - Alexander Ovechkin is hit by Sidney Crosby and loses puck.
0:27 of 1st period - Dennis Wideman is hit by Alexander Edler and loses puck.
0:34 of 1st period - Slapshot by Alexander Steen.
0:34 of 1st period - Stopped by Jonathan Bernier without a rebound.
0:35 of 1st period - Andy Miele wins face-off versus Dustin Boyd in Canadiens zone.
1:47 of 1st period - Wrist shot by Andy Miele.
1:47 of 1st period - Deflect By James Van Riemsdyk.
1:47 of 1st period - Shot Misses the Net.
1:47 of 1st period - Puck is out of play.
1:48 of 1st period - Andrew Ebbett wins face-off versus Mikael Granlund in Canadiens zone.
1:55 of 1st period - Wrist shot by Byron Bitz.
1:55 of 1st period - Stopped by Jonathan Bernier without a rebound.
1:56 of 1st period - Mikael Granlund wins face-off versus Andrew Ebbett in Canadiens zone.
2:10 of 1st period - Off-side.
2:11 of 1st period - Dustin Boyd wins face-off versus Ryan Kesler in neutral zone.
2:18 of 1st period - Wrist shot by Dustin Boyd.
2:18 of 1st period - Stopped by Viktor Fasth with a rebound.
2:20 of 1st period - Snap shot by David Jones.
2:20 of 1st period - Shot Misses the Net.
2:22 of 1st period - Wrist shot by David Jones.
2:22 of 1st period - Shot Misses the Net.
2:24 of 1st period - Slapshot by Luke Schenn.
2:24 of 1st period - Deflect By Alexander Edler.
2:24 of 1st period - Stopped by Viktor Fasth without a rebound.
2:25 of 1st period - Sidney Crosby wins face-off versus Ryan Kesler in Predators zone.
2:42 of 1st period - Snap shot by Niclas Bergfors.
2:42 of 1st period - Stopped by Jonathan Bernier without a rebound.
2:43 of 1st period - Kris Vernarsky wins face-off versus Jason Spezza in Canadiens zone.
3:16 of 1st period - Snap shot by Joe Pavelski.
3:16 of 1st period - Stopped by Viktor Fasth without a rebound.
3:17 of 1st period - Dustin Boyd wins face-off versus Ryan Kesler in Predators zone.
3:21 of 1st period - Minor Penalty to Alexander Ovechkin for Hooking.
3:22 of 1st period - Ryan Kesler wins face-off versus Sidney Crosby in Predators zone.
5:21 of 1st period - Penalty to Alexander Ovechkin is over, Alexander Ovechkin is back on ice.
5:28 of 1st period - Snap shot by Alexander Ovechkin.
5:28 of 1st period - Deflect By Andy Miele.
5:28 of 1st period - Shot Misses the Net.
5:28 of 1st period - Puck is out of play.
5:29 of 1st period - Andrew Ebbett wins face-off versus Alexander Ovechkin in Canadiens zone.
5:29 of 1st period - Andrew Ebbett is hit by Alexander Ovechkin.
5:32 of 1st period - Minor Penalty to Maxim Kondratiev for Hooking.
5:33 of 1st period - Niclas Bergfors wins face-off versus Jason Spezza in Canadiens zone.
7:10 of 1st period - Vitaly Vishnevsky is hit by Alexander Ovechkin and loses puck.
7:32 of 1st period - Penalty to Maxim Kondratiev is over, Maxim Kondratiev is back on ice.
7:37 of 1st period - Wrist shot by Sidney Crosby.
7:37 of 1st period - Shot Misses the Net.
7:39 of 1st period - Snap shot by Patrick Sharp.
7:39 of 1st period - Deflect By Sidney Crosby.
7:39 of 1st period - Shot Blocked by Dmitri Kalinin.
7:39 of 1st period - Puck is out of play.
7:40 of 1st period - Sidney Crosby wins face-off versus James Van Riemsdyk in Predators zone.
7:50 of 1st period - Off-side.
7:51 of 1st period - Andy Miele wins face-off versus Sidney Crosby in neutral zone.
8:23 of 1st period - Slapshot by Niclas Bergfors.
8:23 of 1st period - Stopped by Jonathan Bernier without a rebound.
8:24 of 1st period - Ryan Kesler wins face-off versus Jason Spezza in Canadiens zone.
8:25 of 1st period - Snap shot by Alexander Ovechkin.
8:25 of 1st period - Stopped by Jonathan Bernier with a rebound.
8:59 of 1st period - Dennis Wideman is hit by Alexander Edler.
9:09 of 1st period - Snap shot by Brett Maclean.
9:09 of 1st period - Shot Blocked by Ryan Mcdonagh.
9:11 of 1st period - Wrist shot by Dennis Wideman.
9:11 of 1st period - Stopped by Viktor Fasth with a rebound.
9:13 of 1st period - Slapshot by Wes O'Neill.
9:13 of 1st period - Shot Misses the Net.
9:15 of 1st period - Wrist shot by Andrew Ebbett.
9:15 of 1st period - Stopped by Viktor Fasth with a rebound.
9:17 of 1st period - Slapshot by Maxim Kondratiev.
9:17 of 1st period - Shot Misses the Net.
9:19 of 1st period - Snap shot by Brett Maclean.
9:19 of 1st period - Stopped by Viktor Fasth with a rebound.
9:21 of 1st period - Wrist shot by Brett Maclean.
9:21 of 1st period - Goal by Brett Maclean - Predators : 0 - Canadiens : 1.
9:22 of 1st period - Sidney Crosby wins face-off versus Ryan Kesler in neutral zone.
9:37 of 1st period - Slapshot by Sidney Crosby.
9:37 of 1st period - Shot Blocked by Alexander Ovechkin.
9:39 of 1st period - Snap shot by Sidney Crosby.
9:39 of 1st period - Stopped by Viktor Fasth with a rebound.
9:49 of 1st period - Alexander Ovechkin is hit by Greg Stewart and loses puck.
10:03 of 1st period - Brett Clark is hit by David Jones and loses puck.
10:18 of 1st period - Snap shot by Devin Setoguchi.
10:18 of 1st period - Shot Misses the Net.
10:44 of 1st period - Icing by Kris Vernarsky.
10:45 of 1st period - Kris Vernarsky wins face-off versus Sidney Crosby in Predators zone.
11:27 of 1st period - Minor Penalty to Evgeny Dadonov for Tripping.
11:28 of 1st period - Mikael Granlund wins face-off versus Jason Spezza in Canadiens zone.
11:30 of 1st period - Snap shot by Niclas Bergfors.
11:30 of 1st period - Shot Blocked by Kurt Sauer.
11:32 of 1st period - Slapshot by Alexander Ovechkin.
11:32 of 1st period - Goal by Alexander Ovechkin - Predators : 1 - Canadiens : 1.
11:33 of 1st period - Dustin Boyd wins face-off versus Mikael Granlund in neutral zone.
11:38 of 1st period - Snap shot by David Jones.
11:38 of 1st period - Stopped by Viktor Fasth without a rebound.
11:39 of 1st period - Mikael Granlund wins face-off versus David Jones in Predators zone.
11:39 of 1st period - Mikael Granlund is hit by Dennis Wideman.
11:49 of 1st period - Wrist shot by Alexander Steen.
11:49 of 1st period - Stopped by Jonathan Bernier without a rebound.
11:50 of 1st period - Ryan Kesler wins face-off versus Jason Spezza in Canadiens zone.
12:01 of 1st period - Alexander Ovechkin is hit by Jason Spezza and loses puck.
12:40 of 1st period - Slapshot by Adam Burish.
12:40 of 1st period - Shot Misses the Net.
13:10 of 1st period - Dennis Wideman is hit by Alexander Steen and loses puck.
13:33 of 1st period - Snap shot by Brett Maclean.
13:33 of 1st period - Shot Misses the Net.
13:35 of 1st period - Wrist shot by Brett Maclean.
13:35 of 1st period - Stopped by Viktor Fasth without a rebound.
13:36 of 1st period - Ryan Kesler wins face-off versus Sidney Crosby in Predators zone.
13:38 of 1st period - Minor Penalty to Andrej Meszaros for Roughing.
13:39 of 1st period - Ryan Kesler wins face-off versus Sidney Crosby in Predators zone.
13:49 of 1st period - Ryan Kesler is hit by Sidney Crosby and loses puck.
14:08 of 1st period - Snap shot by Greg Stewart.
14:08 of 1st period - Stopped by Viktor Fasth without a rebound.
14:09 of 1st period - Jason Spezza wins face-off versus Ryan Kesler in Predators zone.
14:16 of 1st period - Snap shot by Greg Stewart.
14:16 of 1st period - Shot Misses the Net.
14:44 of 1st period - Snap shot by Jason Spezza.
14:44 of 1st period - Shot Misses the Net.
15:38 of 1st period - Penalty to Andrej Meszaros is over, Andrej Meszaros is back on ice.
16:01 of 1st period - Off-side.
16:02 of 1st period - Sidney Crosby wins face-off versus Andy Miele in neutral zone.
16:12 of 1st period - Wrist shot by Joe Pavelski.
16:12 of 1st period - Deflect By Sidney Crosby.
16:12 of 1st period - Shot Misses the Net.
16:12 of 1st period - Puck is out of play.
16:13 of 1st period - Sidney Crosby wins face-off versus Alexander Ovechkin in Predators zone.
16:18 of 1st period - Snap shot by Sidney Crosby.
16:18 of 1st period - Shot Misses the Net.
16:20 of 1st period - Wrist shot by Joe Pavelski.
16:20 of 1st period - Shot Misses the Net.
16:22 of 1st period - Backhand shot by Wes O'Neill.
16:22 of 1st period - Stopped by Viktor Fasth with a rebound.
16:24 of 1st period - Slapshot by Maxim Kondratiev.
16:24 of 1st period - Deflect By Sidney Crosby.
16:24 of 1st period - Shot Misses the Net.
16:24 of 1st period - Puck is out of play.
16:25 of 1st period - Mikael Granlund wins face-off versus Evgeny Dadonov in Predators zone.
17:13 of 1st period - Icing by Andy Miele.
17:14 of 1st period - Andy Miele wins face-off versus Jason Spezza in Predators zone.
17:14 of 1st period - Andy Miele is hit by Devin Setoguchi.
17:27 of 1st period - Wrist shot by Niclas Bergfors.
17:27 of 1st period - Deflect By Ryan Kesler.
17:27 of 1st period - Shot Misses the Net.
17:27 of 1st period - Puck is out of play.
17:28 of 1st period - Mikael Granlund wins face-off versus Sidney Crosby in Canadiens zone.
17:43 of 1st period - Wrist shot by Alexander Steen.
17:43 of 1st period - Shot Misses the Net.
18:44 of 1st period - Sidney Crosby is hit by Byron Bitz.
19:45 of 1st period - Byron Bitz is hit by Maxim Kondratiev and loses puck.
Goals for this period are 1 for Predators vs 1 for Canadiens.
Shots for this period are 7 for Predators vs 12 for Canadiens.
2nd period
0:01 of 2nd period - Sidney Crosby wins face-off versus Ryan Kesler in neutral zone.
0:29 of 2nd period - Snap shot by Mikael Granlund.
0:29 of 2nd period - Shot Misses the Net.
0:52 of 2nd period - Wrist shot by Adam Burish.
0:52 of 2nd period - Stopped by Jonathan Bernier without a rebound.
0:53 of 2nd period - Ryan Kesler wins face-off versus Dustin Boyd in Canadiens zone.
1:06 of 2nd period - Wrist shot by Niclas Bergfors.
1:06 of 2nd period - Stopped by Jonathan Bernier without a rebound.
1:07 of 2nd period - Alexander Ovechkin wins face-off versus Sidney Crosby in Canadiens zone.
1:14 of 2nd period - Slapshot by Niclas Bergfors.
1:14 of 2nd period - Shot Hit the Post.
1:16 of 2nd period - Minor Penalty to Vitaly Vishnevsky for Hooking.
1:17 of 2nd period - Mikael Granlund wins face-off versus Jason Spezza in Canadiens zone.
1:58 of 2nd period - Backhand shot by Ryan Kesler.
1:58 of 2nd period - Shot Blocked by Maxim Kondratiev.
2:00 of 2nd period - Slapshot by Ryan Mcdonagh.
2:00 of 2nd period - Stopped by Jonathan Bernier without a rebound.
2:01 of 2nd period - Jason Spezza wins face-off versus Ryan Kesler in Canadiens zone.
2:24 of 2nd period - Andrew Ebbett is hit by Mikael Granlund and loses puck.
3:16 of 2nd period - Penalty to Vitaly Vishnevsky is over, Vitaly Vishnevsky is back on ice.
3:31 of 2nd period - Wrist shot by Sidney Crosby.
3:31 of 2nd period - Stopped by Viktor Fasth without a rebound.
3:32 of 2nd period - Andy Miele wins face-off versus Andrew Ebbett in Predators zone.
3:49 of 2nd period - Andrew Ebbett is hit by James Van Riemsdyk and loses puck.
4:48 of 2nd period - Snap shot by Adam Burish.
4:48 of 2nd period - Stopped by Jonathan Bernier with a rebound.
5:26 of 2nd period - Minor Penalty to David Jones for Hooking.
5:27 of 2nd period - Mikael Granlund wins face-off versus Jason Spezza in Canadiens zone.
5:30 of 2nd period - Snap shot by Niclas Bergfors.
5:30 of 2nd period - Stopped by Jonathan Bernier without a rebound.
5:31 of 2nd period - Mikael Granlund wins face-off versus Jason Spezza in Canadiens zone.
6:06 of 2nd period - Wes O'Neill is hit by Dmitri Kalinin.
7:16 of 2nd period - Ryan Mcdonagh is hit by Patrick Sharp and loses puck.
7:26 of 2nd period - Penalty to David Jones is over, David Jones is back on ice.
7:43 of 2nd period - Icing by Luke Schenn.
7:44 of 2nd period - Jason Spezza wins face-off versus Kris Vernarsky in Canadiens zone.
7:51 of 2nd period - Adam Burish is hit by Patrick Sharp.
8:27 of 2nd period - Evgeny Dadonov is hit by Ryan Mcdonagh and loses puck.
8:48 of 2nd period - Slapshot by Brett Maclean.
8:48 of 2nd period - Stopped by Viktor Fasth with a rebound.
9:29 of 2nd period - Wrist shot by Byron Bitz.
9:29 of 2nd period - Stopped by Jonathan Bernier without a rebound.
9:30 of 2nd period - Dustin Boyd wins face-off versus Mikael Granlund in Canadiens zone.
9:42 of 2nd period - Wrist shot by Byron Bitz.
9:42 of 2nd period - Shot Misses the Net.
9:44 of 2nd period - Snap shot by Ryan Mcdonagh.
9:44 of 2nd period - Stopped by Jonathan Bernier without a rebound.
9:45 of 2nd period - Joe Pavelski wins face-off versus Ryan Kesler in Canadiens zone.
10:00 of 2nd period - Luke Schenn is hit by Alexander Ovechkin and loses puck.
10:43 of 2nd period - Slapshot by John Moore.
10:43 of 2nd period - Stopped by Jonathan Bernier without a rebound.
10:44 of 2nd period - Ryan Kesler wins face-off versus Sidney Crosby in Canadiens zone.
10:47 of 2nd period - Wrist shot by Ryan Kesler.
10:47 of 2nd period - Stopped by Jonathan Bernier without a rebound.
10:48 of 2nd period - Ryan Kesler wins face-off versus Sidney Crosby in Canadiens zone.
10:53 of 2nd period - Wrist shot by Niclas Bergfors.
10:53 of 2nd period - Deflect By Ryan Kesler.
10:53 of 2nd period - Shot Blocked by Evgeny Dadonov.
10:53 of 2nd period - Puck is out of play.
10:54 of 2nd period - Ryan Kesler wins face-off versus Sidney Crosby in Canadiens zone.
11:18 of 2nd period - Wrist shot by Joe Pavelski.
11:18 of 2nd period - Stopped by Viktor Fasth with a rebound.
11:20 of 2nd period - Minor Penalty to Alexander Ovechkin for Tripping.
11:21 of 2nd period - Sidney Crosby wins face-off versus Ryan Kesler in Predators zone.
11:22 of 2nd period - Wrist shot by Joe Pavelski.
11:22 of 2nd period - Deflect By Sidney Crosby.
11:22 of 2nd period - Stopped by Viktor Fasth without a rebound.
11:23 of 2nd period - Ryan Kesler wins face-off versus Sidney Crosby in Predators zone.
11:32 of 2nd period - Ryan Kesler is hit by Sidney Crosby and loses puck.
13:20 of 2nd period - Penalty to Alexander Ovechkin is over, Alexander Ovechkin is back on ice.
13:45 of 2nd period - Off-side.
13:46 of 2nd period - Ryan Kesler wins face-off versus Andrew Ebbett in neutral zone.
14:49 of 2nd period - Off-side.
14:50 of 2nd period - Joe Pavelski wins face-off versus Ryan Kesler in neutral zone.
15:05 of 2nd period - Wrist shot by Sidney Crosby.
15:05 of 2nd period - Shot Misses the Net.
15:07 of 2nd period - Snap shot by Joe Pavelski.
15:07 of 2nd period - Shot Blocked by Ryan Mcdonagh.
15:17 of 2nd period - Patrick Sharp is hit by Mikael Granlund and loses puck.
15:42 of 2nd period - Off-side.
15:43 of 2nd period - Greg Stewart wins face-off versus Andy Miele in neutral zone.
15:58 of 2nd period - Wrist shot by David Jones.
15:58 of 2nd period - Stopped by Viktor Fasth without a rebound.
15:59 of 2nd period - Ryan Kesler wins face-off versus Sidney Crosby in Predators zone.
16:12 of 2nd period - Snap shot by Joe Pavelski.
16:12 of 2nd period - Shot Blocked by Ryan Mcdonagh.
16:14 of 2nd period - Backhand shot by Luke Schenn.
16:14 of 2nd period - Shot Blocked by Alexander Edler.
16:16 of 2nd period - Slapshot by Dennis Wideman.
16:16 of 2nd period - Stopped by Viktor Fasth without a rebound.
16:17 of 2nd period - Jason Spezza wins face-off versus Mikael Granlund in Predators zone.
16:24 of 2nd period - Wrist shot by Patrick Sharp.
16:24 of 2nd period - Shot Misses the Net.
16:26 of 2nd period - Wrist shot by Devin Setoguchi.
16:26 of 2nd period - Stopped by Viktor Fasth with a rebound.
16:28 of 2nd period - Snap shot by Jason Spezza.
16:28 of 2nd period - Stopped by Viktor Fasth without a rebound.
16:29 of 2nd period - Ryan Kesler wins face-off versus Sidney Crosby in Predators zone.
16:29 of 2nd period - Ryan Kesler is hit by Sidney Crosby.
16:35 of 2nd period - Luke Schenn is hit by Alexander Edler and loses puck.
16:46 of 2nd period - Slapshot by Alexander Ovechkin.
16:46 of 2nd period - Stopped by Jonathan Bernier without a rebound.
16:47 of 2nd period - Mikael Granlund wins face-off versus Jason Spezza in Canadiens zone.
16:53 of 2nd period - Off-side.
16:54 of 2nd period - Jason Spezza wins face-off versus Byron Bitz in neutral zone.
17:03 of 2nd period - Wrist shot by Jason Spezza.
17:03 of 2nd period - Stopped by Viktor Fasth with a rebound.
17:24 of 2nd period - Slapshot by Mikael Granlund.
17:24 of 2nd period - Stopped by Jonathan Bernier without a rebound.
17:25 of 2nd period - Alexander Ovechkin wins face-off versus Sidney Crosby in Canadiens zone.
17:52 of 2nd period - Maxim Kondratiev is hit by Ryan Mcdonagh and loses puck.
18:02 of 2nd period - Off-side.
18:03 of 2nd period - Jason Spezza wins face-off versus Mikael Granlund in neutral zone.
18:12 of 2nd period - Snap shot by Patrick Sharp.
18:12 of 2nd period - Stopped by Viktor Fasth with a rebound.
18:24 of 2nd period - Minor Penalty to Alexander Steen for Hooking.
18:25 of 2nd period - Ryan Kesler wins face-off versus Joe Pavelski in Predators zone.
18:41 of 2nd period - Icing by Sidney Crosby.
18:42 of 2nd period - Sidney Crosby wins face-off versus Ryan Kesler in Canadiens zone.
19:15 of 2nd period - Slapshot by Joe Pavelski.
19:15 of 2nd period - Goal by Joe Pavelski - Predators : 1 - Canadiens : 2.
19:16 of 2nd period - Dustin Boyd wins face-off versus Andy Miele in neutral zone.
19:23 of 2nd period - James Van Riemsdyk is hit by David Jones and loses puck.
Goals for this period are 0 for Predators vs 1 for Canadiens.
Shots for this period are 11 for Predators vs 11 for Canadiens.
3rd period
0:01 of 3rd period - Niclas Bergfors wins face-off versus Sidney Crosby in neutral zone.
0:34 of 3rd period - Wrist shot by Byron Bitz.
0:34 of 3rd period - Stopped by Jonathan Bernier with a rebound.
0:36 of 3rd period - Snap shot by Alexander Steen.
0:36 of 3rd period - Stopped by Jonathan Bernier with a rebound.
0:38 of 3rd period - Snap shot by Alexander Edler.
0:38 of 3rd period - Deflect By Jason Spezza.
0:38 of 3rd period - Stopped by Jonathan Bernier with a rebound.
0:40 of 3rd period - Slapshot by Alexander Steen.
0:40 of 3rd period - Shot Misses the Net.
0:50 of 3rd period - Wrist shot by David Jones.
0:50 of 3rd period - Shot Misses the Net.
0:52 of 3rd period - Snap shot by Greg Stewart.
0:52 of 3rd period - Shot Blocked by Brett Clark.
0:54 of 3rd period - Snap shot by Greg Stewart.
0:54 of 3rd period - Stopped by Viktor Fasth with a rebound.
1:38 of 3rd period - Minor Penalty to Brett Clark for Holding.
1:39 of 3rd period - Sidney Crosby wins face-off versus Ryan Kesler in Predators zone.
1:49 of 3rd period - Snap shot by Joe Pavelski.
1:49 of 3rd period - Shot Misses the Net.
2:13 of 3rd period - Andy Miele is hit by Greg Stewart and loses puck.
3:38 of 3rd period - Penalty to Brett Clark is over, Brett Clark is back on ice.
4:05 of 3rd period - Ryan Kesler is hit by Evgeny Dadonov and loses puck.
4:20 of 3rd period - Snap shot by Adam Burish.
4:20 of 3rd period - Shot Misses the Net.
4:24 of 3rd period - Wrist shot by James Van Riemsdyk.
4:24 of 3rd period - Stopped by Jonathan Bernier without a rebound.
4:25 of 3rd period - James Van Riemsdyk wins face-off versus Andrew Ebbett in Canadiens zone.
4:26 of 3rd period - Slapshot by Adam Burish.
4:26 of 3rd period - Deflect By Andy Miele.
4:26 of 3rd period - Shot Misses the Net.
4:26 of 3rd period - Puck is out of play.
4:27 of 3rd period - Andy Miele wins face-off versus Andrew Ebbett in Canadiens zone.
4:37 of 3rd period - Snap shot by Andy Miele.
4:37 of 3rd period - Deflect By James Van Riemsdyk.
4:37 of 3rd period - Shot Misses the Net.
4:37 of 3rd period - Puck is out of play.
4:38 of 3rd period - Sidney Crosby wins face-off versus Ryan Kesler in Canadiens zone.
4:42 of 3rd period - Minor Penalty to Dennis Wideman for High sticking.
4:43 of 3rd period - Jason Spezza wins face-off versus Mikael Granlund in Canadiens zone.
6:42 of 3rd period - Penalty to Dennis Wideman is over, Dennis Wideman is back on ice.
6:50 of 3rd period - Andrew Ebbett is hit by Adam Burish and loses puck.
7:48 of 3rd period - Wrist shot by Evgeny Dadonov.
7:48 of 3rd period - Shot Misses the Net.
7:50 of 3rd period - Slapshot by Jason Spezza.
7:50 of 3rd period - Stopped by Viktor Fasth with a rebound.
7:52 of 3rd period - Wrist shot by Patrick Sharp.
7:52 of 3rd period - Stopped by Viktor Fasth without a rebound.
7:53 of 3rd period - Jason Spezza wins face-off versus James Van Riemsdyk in Predators zone.
7:56 of 3rd period - Snap shot by Jason Spezza.
7:56 of 3rd period - Stopped by Viktor Fasth without a rebound.
7:57 of 3rd period - Ryan Kesler wins face-off versus Sidney Crosby in Predators zone.
8:03 of 3rd period - Minor Penalty to Niclas Bergfors for Holding.
8:04 of 3rd period - Ryan Kesler wins face-off versus Sidney Crosby in Predators zone.
8:38 of 3rd period - Ryan Mcdonagh is hit by Devin Setoguchi and loses puck.
9:29 of 3rd period - Luke Schenn is hit by Andy Miele and loses puck.
10:03 of 3rd period - Penalty to Niclas Bergfors is over, Niclas Bergfors is back on ice.
10:09 of 3rd period - Slapshot by Brett Maclean.
10:09 of 3rd period - Stopped by Viktor Fasth with a rebound.
10:11 of 3rd period - Slapshot by Maxim Kondratiev.
10:11 of 3rd period - Shot Misses the Net.
10:13 of 3rd period - Snap shot by Kurt Sauer.
10:13 of 3rd period - Stopped by Viktor Fasth with a rebound.
10:15 of 3rd period - Snap shot by Andrew Ebbett.
10:15 of 3rd period - Stopped by Viktor Fasth with a rebound.
10:17 of 3rd period - Wrist shot by Brett Maclean.
10:17 of 3rd period - Deflect By Steven Goertzen.
10:17 of 3rd period - Shot Misses the Net.
10:17 of 3rd period - Puck is out of play.
10:18 of 3rd period - Andrew Ebbett wins face-off versus Andy Miele in Predators zone.
10:31 of 3rd period - Brett Maclean is hit by Dmitri Kalinin and loses puck.
10:53 of 3rd period - Icing by John Moore.
10:54 of 3rd period - Evgeny Dadonov wins face-off versus Alexander Ovechkin in Predators zone.
10:55 of 3rd period - Slapshot by Joe Pavelski.
10:55 of 3rd period - Shot Blocked by John Moore.
11:21 of 3rd period - Backhand shot by Byron Bitz.
11:21 of 3rd period - Shot Blocked by Patrick Sharp.
11:45 of 3rd period - Slapshot by David Jones.
11:45 of 3rd period - Shot Misses the Net.
12:03 of 3rd period - Snap shot by Brett Maclean.
12:03 of 3rd period - Stopped by Viktor Fasth without a rebound.
12:04 of 3rd period - Kris Vernarsky wins face-off versus Andrew Ebbett in Predators zone.
12:09 of 3rd period - Snap shot by Brett Maclean.
12:09 of 3rd period - Shot Blocked by Justin Abdelkader.
12:11 of 3rd period - Slapshot by Vitaly Vishnevsky.
12:11 of 3rd period - Stopped by Viktor Fasth with a rebound.
12:13 of 3rd period - Snap shot by Steven Goertzen.
12:13 of 3rd period - Shot Misses the Net.
12:31 of 3rd period - Kris Vernarsky is hit by Brett Maclean and loses puck.
12:44 of 3rd period - Wrist shot by Steven Goertzen.
12:44 of 3rd period - Stopped by Viktor Fasth with a rebound.
12:46 of 3rd period - Snap shot by Andrew Ebbett.
12:46 of 3rd period - Stopped by Viktor Fasth with a rebound.
13:00 of 3rd period - Slapshot by Steven Goertzen.
13:00 of 3rd period - Shot Misses the Net.
13:06 of 3rd period - Slapshot by Ryan Mcdonagh.
13:06 of 3rd period - Stopped by Jonathan Bernier with a rebound.
13:08 of 3rd period - Slapshot by Ryan Mcdonagh.
13:08 of 3rd period - Shot Misses the Net.
13:10 of 3rd period - Slapshot by Alexander Edler.
13:10 of 3rd period - Shot Blocked by Wes O'Neill.
13:12 of 3rd period - Snap shot by Ryan Mcdonagh.
13:12 of 3rd period - Stopped by Jonathan Bernier without a rebound.
13:13 of 3rd period - Evgeny Dadonov wins face-off versus Ryan Kesler in Canadiens zone.
13:13 of 3rd period - Evgeny Dadonov is hit by Ryan Kesler.
13:44 of 3rd period - Snap shot by Devin Setoguchi.
13:44 of 3rd period - Shot Blocked by Brett Clark.
14:00 of 3rd period - Wrist shot by Maxim Kondratiev.
14:00 of 3rd period - Shot Misses the Net.
14:14 of 3rd period - John Moore is hit by Vitaly Vishnevsky and loses puck.
15:02 of 3rd period - Snap shot by Devin Setoguchi.
15:02 of 3rd period - Shot Misses the Net.
16:11 of 3rd period - Off-side.
16:12 of 3rd period - Jason Spezza wins face-off versus Mikael Granlund in neutral zone.
16:17 of 3rd period - Ryan Kesler is hit by Devin Setoguchi and loses puck.
17:01 of 3rd period - Brett Maclean is hit by Ryan Mcdonagh.
17:49 of 3rd period - Snap shot by Sidney Crosby.
17:49 of 3rd period - Shot Blocked by Brett Clark.
18:14 of 3rd period - Predators, Viktor Fasth is pulled from the net.
18:14 of 3rd period - Slapshot by John Moore.
18:14 of 3rd period - Stopped by Jonathan Bernier without a rebound.
18:15 of 3rd period - Ryan Kesler wins face-off versus Dustin Boyd in Canadiens zone.
19:26 of 3rd period - Wrist shot by Joe Pavelski.
19:26 of 3rd period - Goal by Joe Pavelski - Predators : 1 - Canadiens : 3.
19:26 of 3rd period - Viktor Fasth from Predators was sent back in the game.
19:27 of 3rd period - Dustin Boyd wins face-off versus Andy Miele in neutral zone.
19:29 of 3rd period - Minor Penalty to Adam Burish for Holding.
19:30 of 3rd period - Sidney Crosby wins face-off versus Ryan Kesler in Predators zone.
Goals for this period are 0 for Predators vs 1 for Canadiens.
Shots for this period are 7 for Predators vs 12 for Canadiens.
Back to the Top